Map: Cañón atribulado

Players

Sejota

  • Race: Terran Terran
  • League: Silver
  • Spawn Location: 6:00

decao

  • Race: Protoss Protoss
  • Spawn Location: 6:00

magriola

  • Race: Terran Terran
  • Spawn Location: 7:00

TATORREA

  • Race: Protoss Protoss
  • League: Silver
  • Spawn Location: 3:00

MrFercho

  • Race: Zerg Zerg
  • League: Silver
  • Spawn Location: 12:00

tigro

  • Race: Terran Terran
  • League: Bronze
  • Spawn Location: 12:00

VOD

Have the link to the VOD?

Description

Time

  • Played on: May 18, 2020, 9:15 p.m.
  • Length: 15:25
Show
View Real Time Build Order
Export as new Build Order

Sejota Terran 

Build Orders:  

Get SALT Encoding   

  12  0:03  SCV  
  13  0:17  SCV  
  14  0:31  SCV  
  14  0:32  Supply Depot  
  15  0:54  SCV  
  16  0:59  Barracks  
  16  1:05  Barracks  
  16  1:06  SCV  
  17  1:24  Supply Depot  
  17  1:39  Barracks, SCV  
  18  1:55  Orbital Command  
  18  1:57  Barracks  
  18  2:00  Refinery  
  18  2:02  Refinery  
  18  2:11  Supply Depot  
  18  2:28  SCV  
  19  2:48  Supply Depot  
  19  2:49  Barracks Tech Lab  
  19  2:59  SCV  
  19  3:01  Command Center  
  20  3:06  Barracks Tech Lab  
  20  3:08  Barracks Reactor  
  20  3:09  Barracks Reactor  
  20  3:11  SCV  
  21  3:22  Supply Depot  
  21  3:27  Marine  
  22  3:42  Factory  
  22  3:44  Marine  
  22  3:46  Engineering Bay  
  23  3:49  SCV  
  24  4:01  Marine x2, SCV  
  27  4:18  Refinery  
  27  4:20  Orbital Command  
  27  4:23  Refinery  
  27  4:29  Supply Depot  
  27  4:32  Factory Tech Lab  
  27  4:37  SCV  
  29  4:45  SCV  
  29  4:56  Starport  
  29  4:57  SCV  
  30  5:10  SCV x2  
  32  5:21  Starport  
  32  5:40  Starport  
  32  5:47  Siege Tank  
  35  5:58  Starport Tech Lab  
  35  6:02  Supply Depot, Starport Reactor  
  35  6:07  Armory  
  35  6:19  Siege Tank  
  35  6:25  Supply Depot  
  38  6:47  Starport Reactor  
  38  6:50  Viking  
  38  6:51  Starport  
  38  6:52  Missile Turret  
  38  6:53  SCV  
  41  6:56  Armory  
  41  7:05  SCV x2  
  43  7:11  Missile Turret  
  43  7:17  SCV x2  
  43  7:21  Viking x2  
  49  7:25  Supply Depot  
  49  7:30  Missile Turret  
  49  7:37  Starport Reactor  
  49  7:39  Starport  
  49  7:46  Fusion Core  
  49  7:47  Viking x2  
  53  7:52  Raven  
  53  7:58  Supply Depot, Terran Vehicle And Ship Armor Level 1  
  55  8:00  Terran Ship Weapons Level 1  
  55  8:02  SCV  
  56  8:06  SCV  
  57  8:14  SCV  
  57  8:18  SCV  
  59  8:27  Supply Depot, SCV  
  60  8:32  Viking x2  
  60  8:33  Viking  
  60  8:54  Starport Reactor  
  60  9:00  Weapon Refit  
  60  9:02  Viking x3  
  55  9:28  Viking x4  
  55  9:31  Viking x2  
  64  11:18  Viking x7  
  66  11:19  Viking x2  
  66  11:24  Command Center  
  82  11:42  Supply Depot  
  82  11:43  Supply Depot  
  82  11:46  Terran Vehicle And Ship Armor Level 2  
  82  11:48  Viking x5  
  92  12:07  Missile Turret  
  92  12:31  Missile Turret  
  86  13:35  Viking x9  
  104  13:51  Refinery  
  104  14:05  Viking x8  
Show
View Real Time Build Order
Export as new Build Order

decao Protoss 

Build Orders: Carriers 

Get SALT Encoding   

  12  0:04  Probe (Chrono Boost)  
  13  0:25  Pylon  
  13  0:27  Probe  
  14  0:40  Probe  
  15  0:52  Probe  
  15  0:56  Gateway  
  16  1:04  Probe  
  16  1:11  Forge  
  17  1:17  Probe (Chrono Boost)  
  18  1:20  Assimilator  
  18  1:29  Probe (Chrono Boost)  
  19  1:56  Cybernetics Core  
  19  2:00  Assimilator  
  19  2:22  Pylon  
  19  2:34  Warp Gate (Chrono Boost)  
  19  2:46  Photon Cannon  
  19  2:55  Pylon  
  19  3:06  Stargate  
  19  3:11  Zealot  
  21  3:27  Robotics Facility  
  21  3:38  Zealot (Chrono Boost)  
  23  3:47  Probe  
  24  3:50  Nexus  
  24  3:57  Zealot (Chrono Boost)  
  24  3:59  Probe  
  27  4:12  Probe  
  27  4:16  Observer  
  29  4:22  Zealot  
  29  4:24  Probe  
  32  4:27  Protoss Shields Level 1  
  32  4:30  Void Ray  
  36  4:49  Zealot  
  38  4:53  Pylon  
  38  4:57  Pylon  
  38  5:36  Stargate  
  38  5:37  Stargate  
  38  6:00  Probe (Chrono Boost)  
  39  6:11  Probe (Chrono Boost)  
  40  6:15  Probe (Chrono Boost)  
  41  6:26  Probe  
  42  6:37  Void Ray x2  
  42  6:38  Void Ray, Probe  
  55  7:08  Pylon  
  55  7:10  Pylon  
  55  7:11  Probe (Chrono Boost)  
  55  7:13  Pylon  
  56  7:19  Assimilator  
  56  7:22  Probe (Chrono Boost)  
  57  7:24  Assimilator  
  57  7:27  Probe (Chrono Boost)  
  58  7:37  Probe  
  58  7:42  Protoss Air Weapons Level 1  
  59  7:49  Probe  
  60  7:56  Zealot  
  62  8:06  Observer  
  62  8:11  Void Ray  
  67  8:48  Pylon  
  67  8:50  Pylon  
  67  8:55  Photon Cannon  
  67  8:57  Photon Cannon  
  67  9:00  Photon Cannon  
  67  9:01  Photon Cannon  
  67  9:05  Photon Cannon  
  67  9:08  Photon Cannon  
  67  9:12  Pylon  
  58  9:46  Void Ray x3 (Chrono Boost)  
  58  9:51  Protoss Air Armor Level 1  
  70  10:06  Fleet Beacon  
  70  10:15  Probe (Chrono Boost)  
  71  10:22  Void Ray x3, Stargate  
  71  10:26  Probe (Chrono Boost)  
  84  10:30  Probe (Chrono Boost)  
  85  10:42  Probe  
  86  10:53  Pylon  
  86  11:00  Pylon  
  86  11:05  Pylon  
  86  11:09  Pylon  
  86  11:11  Probe  
  86  11:13  Pylon  
  86  11:17  Pylon  
  79  11:35  Unknown  
  79  11:40  Carrier  
  79  11:41  Carrier  
  79  11:46  Carrier  
  93  13:46  Carrier (Chrono Boost)  
  93  13:47  Carrier x2 (Chrono Boost)  
Show
View Real Time Build Order
Export as new Build Order

magriola Terran 

Build Orders: 2 Factory 

Get SALT Encoding   

  12  0:11  SCV  
  13  0:23  SCV  
  14  0:30  Supply Depot  
  14  0:35  SCV  
  15  0:52  SCV  
  15  0:53  Supply Depot  
  16  1:03  Refinery  
  17  1:04  SCV  
  17  1:07  Refinery  
  17  1:16  SCV  
  17  1:18  Supply Depot  
  18  1:28  SCV  
  19  1:35  Barracks  
  19  1:40  SCV  
  20  1:52  SCV  
  21  2:04  SCV  
  21  2:08  Engineering Bay  
  22  2:16  SCV  
  23  2:25  Barracks Reactor  
  23  2:29  SCV  
  24  2:32  Barracks  
  24  2:41  SCV  
  24  2:43  Factory  
  25  2:53  SCV  
  26  3:05  SCV  
  27  3:07  Terran Infantry Weapons Level 1  
  27  3:10  Marine  
  27  3:11  Marine  
  29  3:17  SCV  
  30  3:28  Marine x2, Factory  
  30  3:29  SCV  
  30  3:30  Barracks Tech Lab  
  30  3:31  Factory Tech Lab  
  33  3:41  Orbital Command  
  33  3:46  Marine  
  34  3:59  Siege Tank  
  37  4:06  Armory  
  37  4:21  SCV  
  38  4:27  Command Center  
  38  4:30  Factory Tech Lab  
  38  4:33  SCV  
  39  4:49  Supply Depot  
  39  5:10  Marine x3, SCV  
  39  5:12  Supply Depot  
  43  5:28  Marine  
  43  5:33  SCV  
  44  5:35  Supply Depot  
  40  5:44  Refinery  
  40  5:45  SCV  
  40  5:46  Refinery  
  40  5:47  SCV  
  42  5:57  SCV  
  42  5:58  Supply Depot  
  42  5:59  SCV  
  44  6:10  SCV  
  44  6:11  SCV  
  42  6:18  Thor x2  
  42  6:22  Marine x2, SCV  
  42  6:23  Marine, SCV  
  59  6:35  Missile Turret, SCV  
  60  6:40  Marine  
  60  6:41  Marauder  
  60  6:44  Missile Turret  
  63  6:57  Orbital Command  
  63  7:15  Thor x2  
  75  7:28  Terran Vehicle Weapons Level 1  
  75  7:30  Terran Infantry Weapons Level 2  
  75  7:58  Thor  
  81  8:10  Marauder  
  83  8:22  Supply Depot  
  83  8:31  Marauder  
  85  8:45  Supply Depot  
  85  8:53  Marauder  
  83  9:09  Supply Depot  
  76  9:14  Marauder  
  74  9:22  Terran Vehicle And Ship Armor Level 1  
  74  9:31  Supply Depot  
  74  9:36  Marauder  
  76  9:55  Marine x2  
  76  9:57  Marauder  
  80  10:01  Thor x2  
  92  10:13  Marine x2  
  94  10:18  Marauder  
  96  10:31  Marine x2  
  96  10:32  Starport  
  98  10:37  Ghost Academy  
  98  10:40  Marauder  
  100  10:44  Thor x2  
  100  10:49  Marine x2  
  114  11:01  Marauder  
  115  11:14  Marine x2  
  117  11:22  Marine  
  118  11:27  Thor x2, Starport Tech Lab  
  118  11:30  Nuke  
  118  11:32  Marine x2  
  132  11:39  Ghost  
  134  11:49  Marine  
  134  11:50  Marine  
  136  11:58  Supply Depot  
  136  12:07  Marine x2  
  136  12:08  Ghost  
  122  12:09  Thor  
  122  12:10  Hellbat  
  122  12:13  Personal Cloaking  
  114  12:21  Supply Depot  
  105  12:31  Thor  
  105  12:36  Ghost  
  99  12:44  Supply Depot  
  99  12:52  Thor  
  105  13:06  Supply Depot  
  105  13:14  Thor  
  110  13:35  Thor  
  101  14:46  Hellion x2  
  101  14:49  Marine x2  
  101  14:50  Marine  
Show
View Real Time Build Order
Export as new Build Order

TATORREA Protoss 

Build Orders:  

Get SALT Encoding   

  12  0:02  Probe  
  13  0:26  Probe  
  14  0:34  Pylon  
  14  0:38  Probe  
  14  0:39  Assimilator  
  15  0:52  Probe  
  16  1:04  Probe  
  17  1:12  Gateway  
  17  1:15  Gateway  
  17  1:16  Probe  
  18  1:26  Assimilator  
  18  1:28  Probe  
  19  1:35  Pylon  
  19  1:40  Probe  
  20  1:52  Probe  
  21  1:58  Zealot  
  23  2:04  Probe, Zealot  
  26  2:26  Cybernetics Core  
  26  2:28  Forge  
  26  2:30  Pylon, Probe  
  27  2:42  Zealot  
  29  2:44  Zealot  
  31  2:57  Pylon  
  31  3:02  Warp Gate  
  31  3:23  Nexus  
  31  3:38  Twilight Council, Probe  
  32  3:49  Stargate  
  32  3:58  Robotics Facility  
  32  3:59  Probe  
  33  4:11  Stalker, Probe  
  36  4:19  Stalker  
  36  4:23  Charge (Chrono Boost)  
  38  4:25  Probe  
  39  4:38  Protoss Ground Weapons Level 1  
  39  4:42  Void Ray  
  43  5:02  Protoss Air Weapons Level 1  
  43  5:04  Probe  
  44  5:10  Probe  
  45  5:16  Probe  
  46  5:22  Immortal, Probe  
  51  5:28  Probe  
  51  5:31  Stalker  
  51  5:34  Probe  
  43  6:20  Stalker  
  43  6:21  Stalker  
  47  6:26  Void Ray  
  52  6:32  Probe  
  52  6:33  Probe  
  52  6:37  Assimilator  
  53  6:41  Assimilator  
  53  6:43  Immortal  
  53  6:44  Probe  
  53  6:45  Probe  
  59  6:53  Zealot  
  61  6:57  Probe  
  62  7:05  Pylon  
  62  7:11  Pylon  
  62  7:14  Pylon  
  62  7:19  Pylon  
  62  7:22  Pylon  
  62  7:23  Void Ray, Probe, Protoss Ground Weapons Level 2  
  62  7:26  Pylon  
  67  7:31  Pylon  
  67  7:38  Probe x2  
  69  7:50  Probe x2  
  71  8:01  Stargate  
  71  8:02  Probe  
  72  8:07  Robotics Bay  
  72  8:23  Nexus  
  72  8:25  Gateway  
  72  8:27  Gateway  
  72  8:30  Stalker  
  72  8:31  Gateway, Stalker  
  72  8:32  Gateway  
  76  8:35  Gateway  
  76  8:40  Void Ray  
  80  8:47  Immortal  
  84  8:52  Probe x2  
  86  9:03  Extended Thermal Lance  
  54  9:44  Zealot  
  54  9:45  Zealot x2  
  58  9:46  Zealot x3  
  58  9:47  Zealot  
  68  9:54  Colossus  
  68  9:57  Void Ray x2  
  72  10:32  Probe x3  
  75  10:41  Stalker x2  
  75  10:42  Stalker x2  
  83  10:43  Stalker  
  83  10:44  Probe x3  
  88  10:50  Stalker  
  88  10:55  Stalker  
  88  10:56  Probe x2  
  88  10:57  Probe  
  95  11:08  Probe x2  
  95  11:09  Probe  
  95  11:11  Stalker x2  
  100  11:12  Stalker x2  
  106  11:20  Probe  
  106  11:21  Probe x2  
  109  11:43  Fleet Beacon  
  109  11:58  Assimilator  
  107  12:03  Assimilator  
  89  12:10  Nexus  
  55  12:34  Stalker x3  
  55  12:35  Stalker x4  
  57  12:47  Void Ray x2  
  57  12:50  Colossus  
  69  13:06  Zealot  
  69  13:07  Zealot x4  
  69  13:28  Void Ray (Chrono Boost)  
  69  13:29  Void Ray (Chrono Boost)  
  73  13:34  Colossus  
  54  14:03  Void Ray  
Show
View Real Time Build Order
Export as new Build Order

MrFercho Zerg 

Build Orders: Pool First 

Get SALT Encoding   

  12  0:02  Drone  
  13  0:14  Overlord  
  13  0:18  Drone  
  14  0:29  Extractor  
  14  0:30  Drone  
  14  0:32  Drone  
  15  0:44  Drone  
  15  0:49  Drone  
  17  1:00  Spawning Pool, Drone  
  17  1:08  Drone  
  18  1:23  Drone  
  19  1:26  Extractor  
  18  1:34  Hatchery  
  17  1:43  Drone x2  
  19  1:51  Drone  
  20  1:58  Queen  
  22  2:05  Metabolic Boost  
  22  2:25  Overlord  
  22  2:26  Overlord  
  22  2:46  Zergling x4  
  24  3:09  Hatchery, Drone x3  
  24  3:10  Drone  
  27  3:14  Drone  
  28  3:26  Drone x3  
  31  3:35  Baneling Nest  
  30  3:51  Extractor  
  30  3:53  Drone x2  
  30  3:54  Drone  
  32  3:58  Lair  
  32  4:13  Zergling x2  
  32  4:14  Zergling x4  
  35  4:22  Evolution Chamber  
  34  4:42  Drone x3  
  37  4:46  Queen  
  37  4:51  Zerg Ground Armor Level 1  
  39  4:58  Centrifical Hooks  
  39  5:05  Zergling x2  
  39  5:06  Zergling x14  
  47  5:10  Overlord  
  47  5:12  Overlord  
  47  5:22  Drone x3  
  50  5:34  Extractor  
  49  5:36  Drone x8  
  44  6:19  Zergling x14  
  51  6:39  Spire  
  50  6:47  Infestation Pit  
  50  6:48  Drone x5  
  50  6:51  Zerg Melee Weapons Level 1  
  54  6:59  Zergling x2  
  54  7:00  Zergling x10  
  60  7:07  Hatchery  
  59  7:09  Hatchery  
  59  7:15  Overlord  
  58  7:28  Baneling  
  58  7:29  Baneling x13  
  58  7:30  Baneling x7  
  58  7:31  Baneling  
  58  7:38  Baneling x3  
  58  7:39  Baneling  
  58  7:52  Zergling x16  
  66  8:14  Overlord x2  
  66  8:43  Drone x6  
  59  9:21  Drone  
  59  9:22  Drone x5  
  57  9:47  Zergling x12  
  63  9:55  Zerg Ground Armor Level 2  
  63  10:05  Extractor  
  62  10:09  Extractor  
  61  10:15  Extractor x2  
  59  10:29  Baneling  
  59  10:30  Baneling x11  
  59  10:36  Mutalisk  
  59  10:37  Mutalisk x5  
  71  10:46  Zergling x2  
  71  10:47  Zergling x18  
  81  10:53  Drone x3  
  84  11:06  Drone x2  
  84  11:09  Drone x2  
  88  11:17  Baneling x6  
  88  11:18  Baneling x14  
  88  12:10  Infestor  
  88  12:11  Infestor  
  88  12:12  Mutalisk  
  88  12:13  Mutalisk x3  
  84  12:41  Corruptor x6  
  96  12:49  Corruptor  
  96  12:50  Corruptor x6  
  102  12:56  Overlord x2  
  102  13:09  Neural Parasite  
  76  13:44  Corruptor  
  76  13:45  Corruptor x5  
  88  13:52  Mutalisk x4  
  88  13:53  Mutalisk x2  
  92  14:27  Mutalisk  
  92  14:28  Mutalisk x5  
Show
View Real Time Build Order
Export as new Build Order

tigro Terran 

Build Orders:  

Get SALT Encoding   

  12  0:03  SCV  
  13  0:16  SCV  
  14  0:23  Supply Depot  
  14  0:31  SCV  
  15  0:39  Refinery  
  15  0:45  SCV  
  16  0:57  Barracks, SCV  
  17  1:27  SCV  
  18  1:34  Supply Depot  
  18  1:38  Refinery  
  18  1:39  SCV  
  19  1:45  Marine  
  20  1:51  SCV  
  21  1:59  Barracks  
  21  2:02  Marine  
  21  2:03  SCV  
  23  2:16  SCV  
  23  2:20  Marine  
  25  2:24  Engineering Bay  
  25  2:28  SCV  
  26  2:38  Marine  
  26  2:40  SCV  
  28  2:56  Marine  
  29  3:02  Orbital Command  
  29  3:13  Terran Infantry Weapons Level 1  
  29  3:14  Factory  
  29  3:18  Barracks Tech Lab  
  29  3:19  Barracks Tech Lab  
  29  3:42  Missile Turret  
  29  3:54  Combat Shield  
  29  4:02  Concussive Shells  
  29  4:04  Missile Turret  
  29  4:06  Factory Tech Lab  
  29  4:32  Command Center  
  29  4:36  Marauder  
  31  4:38  Marine  
  31  4:45  Stimpack  
  32  4:56  Marine  
  32  4:59  Armory  
  33  5:07  Terran Infantry Armor Level 1  
  33  5:12  Siege Tank  
  36  5:47  Refinery  
  36  6:09  Starport  
  36  6:16  Planetary Fortress  
  36  6:40  Terran Vehicle Weapons Level 1  
  36  6:48  Starport  
  36  6:53  SCV  
  37  6:57  Medivac  
  39  7:01  Neosteel Armor  
  39  7:05  SCV  
  40  7:17  Marine, SCV  
  40  7:21  Marine  
  44  7:30  SCV  
  44  7:35  Marine  
  45  7:39  Marine  
  45  7:42  SCV  
  47  7:50  Starport Tech Lab  
  47  7:51  Starport Tech Lab  
  47  7:53  Marine  
  47  7:54  SCV  
  47  7:56  Marine  
  50  8:11  Marine  
  51  8:14  Marine, Siege Tank  
  55  8:29  Marine  
  55  8:31  Missile Turret  
  55  8:32  Marine  
  57  8:41  Hi-Sec Auto Tracking  
  57  8:46  Siege Tank  
  58  8:52  Missile Turret  
  58  9:17  Missile Turret  
  58  9:38  Refinery  
  58  9:59  Fusion Core  
  58  10:47  SCV  
  59  10:59  SCV  
  60  11:05  Weapon Refit  
  60  11:11  SCV  
  61  11:21  Supply Depot  
  61  11:23  SCV  
  62  11:43  Battlecruiser, SCV  
  62  11:44  Supply Depot  
  69  11:47  Missile Turret  
  69  11:55  SCV  
  70  12:03  Refinery  
  70  12:06  Battlecruiser  
  70  12:07  SCV  
  76  12:09  Missile Turret  
  76  12:10  Thor  
  68  12:19  SCV  
  68  12:22  Marine  
  66  12:26  Marine  
  67  12:31  SCV  
  68  12:39  Marine  
  68  12:43  Marine  
  70  12:47  Battlecruiser  
  76  12:57  Marine  
  71  13:01  Marine  
  72  13:10  Battlecruiser  
  78  13:26  Marine x2  
  80  13:44  Marine x2  
  80  13:52  Battlecruiser  
  70  14:12  Marine  
  70  14:14  Battlecruiser  
  70  14:15  Marauder  
  79  14:23  SCV  
  80  14:30  Marine  
  81  14:37  Marauder  
  82  14:48  Marine  
  82  15:06  Marine  
Tags
 
Add a new tag
Caveats
  • Supply blocks, unpowered buildings, or Contaminate may cause inaccurate times.
  • Supply counts are checked every 10 seconds.